 Dungeon Sprint DCSS version 0.30-a0-965-g42e074c17a (webtiles) character file.

Game seed: 8502633709792244236

10 sircluck the Trooper (level 2, -4/28 HPs)
             Began as a Hill Orc Fighter on Mar 31, 2023.
             Slain by a scorpion (6 damage)
             ... in the Dungeon (Sprint V: "Ziggurat Sprint").
             The game lasted 00:01:04 (2356 turns).

sircluck the Trooper (Hill Orc Fighter)             Turns: 2356, Time: 00:01:05

Health: -4/28      AC:  7    Str: 18    XL:     2   Next: 20%
Magic:  2/2        EV:  9    Int:  8    God:
Gold:   0          SH:  4    Dex: 10    Spells: 1/1 levels left

rFire   . . .      SeeInvis .    a - +0 war axe
rCold   . . .      Faith    .    c - +0 buckler
rNeg    . . .      Spirit   .    b - +0 scale mail
rPois   .          Reflect  .    (no helmet)
rElec   .          Rampage  .    (no cloak)
rCorr   .          NoTele   +    (no gloves)
Will    .....                    (no boots) Stlth
                                 (no amulet)
HPRegen 0.24/turn                (no ring)
MPRegen 0.08/turn                (no ring)

@: lethally poisoned (-4 -> -9)
A: no striking features
a: no special abilities


You were in the Dungeon.
You visited 1 branch

Inventory:

Hand Weapons
 a - a +0 war axe (weapon)
Armour
 b - a +0 scale mail (worn)
 c - a +0 buckler (worn)
Scrolls
 j - a scroll of blinking
Potions
 d - a potion of might
 e - a potion of curing
 f - a potion of heal wounds
 g - a potion of haste
 h - 2 potions of magic
 i - a potion of berserk rage


   Skills:
 + Level 4.7 Fighting
 + Level 3.1 Axes
 + Level 4.2 Armour
 + Level 4.1 Shields


You had one spell level left.
You didn't know any spells.
Your spell library was empty.

Dungeon Overview and Level Annotations

Branches:
Dungeon (1/1)

Altars:
Ashenzari
Cheibriados
Dithmenos
Elyvilon
Fedhas
Gozag
Hepliaklqana
Kikubaaqudgha
Makhleb
Nemelex Xobeh
Okawaru
Qazlal
Ru
Sif Muna
Trog
Uskayaw
Vehumet
Wu Jian
Xom
Yredelemnul
Zin
The Shining One
Beogh
Jiyva
Lugonu

Annotations:
D 1 transporter


Message History

You start waiting.
You start waiting.
You start waiting.
You start waiting.
You start waiting.
You start waiting.
You start waiting.
You start waiting.
You start waiting.
You see here a phantom mirror.
There is a transporter here.
Welcome to arena 2.
You enter the transporter and appear at another place. 3 scorpions come into view.
Found three items.
Found a transporter.
You slash the scorpion!
The scorpion is severely wounded.
The scorpion closely misses you. The scorpion stings you. x2
The scorpion barely misses you.
You barely miss the scorpion.
The scorpion is severely wounded.
You barely miss the scorpion. You hit the scorpion but do no damage.
The scorpion barely misses you. The scorpion stings you.
You are poisoned.
The scorpion poisons you! The scorpion closely misses you.
You barely miss the scorpion.
The scorpion is severely wounded.
You barely miss the scorpion. You completely miss the scorpion.
You feel very sick. The scorpion completely misses you.
The scorpion closely misses you.
The scorpion stings you but does no damage.
The scorpion stings you. You block the scorpion's attack.
The scorpion stings you.
You hit the scorpion but do no damage.
The scorpion is severely wounded.
You hit the scorpion. x2; You feel sick.
The scorpion stings you.
* * * LOW HITPOINT WARNING * * *
The scorpion stings you but does no damage.
The scorpion stings you.
You die...

▓▓▓▓▓▓▓▓▓▓▓▓▓
▓.8©8.▓.8©8.▓
▓.)=}.▓.....▓
▓.....▓.[.}.▓
▓.....▓.....▓
▓.sss.▓.....▓
▓..@..▓..©..▓
▓..©..▓▓▓▓▓▓▓
▓▓▓▓▓▓▓


You could see 3 scorpions.

Vanquished Creatures
  A river rat (D)
  A jackal (D)
  A ballistomycete spore (D)
3 creatures vanquished.

Vanquished Creatures (others)
  A ballistomycete spore (D)
1 creature vanquished.

Grand Total: 4 creatures vanquished

Notes
Turn   | Place    | Note
-------+----------+-------------------------------------------
     0 | D        | sircluck the Hill Orc Fighter began the quest for the Orb.
     0 | D        | Reached XP level 1. HP: 19/19 MP: 1/1
     0 | D        | Found a blossoming altar of Fedhas.
     0 | D        | Found the +6 Majin-Bo {spellvamp, MP+6 Int+6}
     0 | D        | Found the +27 heavy crossbow "Sniper" {heavy, Acc+∞ SInv}
     0 | D        | Found the +10 dark maul {heavy}
     0 | D        | Found the +15 Maxwell's patent armour {-Cast -Tele rElec
                  | Will+ rCorr}
     0 | D        | Found the +18 shield of the Gong {Loud rN+ Will+ rCorr
                  | EV-5}
     0 | D        | Found the +16 obsidian axe {drain, demonic, Mesm Drain Fly
                  | SInv}
     0 | D        | Found the +7 great mace "Firestarter" {flame, inner flame,
                  | rFlCloud rF++}
     0 | D        | Found the +6 shillelagh "Devastator" {shatter}
     0 | D        | Found the +11 plutonium sword {Contam Stlth-}
     0 | D        | Found the +8 lance "Wyrmbane" {slay drac, rPois rF+ rC+
                  | AC+3}
     0 | D        | Found the +9 sword of Zonguldrok {reap}
     0 | D        | Found the +13 scythe of Curses {drain, curses, Drain}
     0 | D        | Found the +9 sword of Power {lifebolt}
     0 | D        | Found the +7 mace of Variability {chaos, chain chaos}
     0 | D        | Found the +11 Singing Sword {sonic wave}
     0 | D        | Found the +8 storm bow {elec, penet}
     1 | D        | Found a viscous altar of Jiyva.
     1 | D        | Found a hazy altar of Hepliaklqana.
     1 | D        | Found a transporter.
     1 | D        | Found an opulent altar of Gozag.
     1 | D        | Found an ancient bone altar of Kikubaaqudgha.
     1 | D        | Found a corrupted altar of Lugonu.
     8 | D        | Became a worshipper of Fedhas Madash
     9 | D        | Fell from the grace of Fedhas
    10 | D        | Became a worshipper of Fedhas Madash
    11 | D        | Fell from the grace of Fedhas
   560 | D        | Found a burning altar of Makhleb.
   561 | D        | Found a sparkling altar of Nemelex Xobeh.
   561 | D        | Found an iron altar of Okawaru.
   561 | D        | Found a stormy altar of Qazlal.
   561 | D        | Found a sacrificial altar of Ru.
   564 | D        | Found a shimmering blue altar of Sif Muna.
   566 | D        | Found a bloodstained altar of Trog.
   614 | D        | Entered arena 2.
   614 | D        | Found a transporter.
   619 | D        | Reached XP level 2. HP: 23/28 MP: 2/2
  2351 | D        | Entered arena 3.
  2351 | D        | Noticed a scorpion
  2351 | D        | Noticed a scorpion
  2351 | D        | Noticed a scorpion
  2351 | D        | Found a transporter.
  2356 | D        | Slain by a scorpion

Illustrated notes

Levels and vault maps discovered:
D:        sprint_v [room_start, room_1, room_2, room_3, room_4, room_5, room_6,
          room_7, room_8, room_9, room_10, room_11, room_12, room_13, room_14,
          room_15, room_16, room_17, room_18, room_19, room_20, room_21,
          room_22, room_23, room_24, room_25, room_26, room_27]

Skill      XL: |  1 |
---------------+----+-----
Fighting       | 4 |  4.7
Axes           | 3 |  3.1
Armour         | 4 |  4.2
Shields        | 4 |  4.1

Action                     || total
---------------------------++-------
  Melee: War axe           ||     8
 Invoke: Renounce Religion ||     2
   Stab: Distracted        ||     1
 Armour: Scale mail        ||     3
  Dodge: Dodged            ||     9
  Block: Buckler           ||     2

Table legend: (Time is in decaauts)
 A = Elapsed time spent in this place.
 B = Non-inter-level travel time spent in this place.
 C = Inter-level travel time spent in this place.
 D = Time resting spent in this place.
 E = Time spent auto-exploring this place.
 F = Levels seen in this place.
 G = Mean time per level.
                   A        B        C        D        E       F      G
               +--------+--------+--------+--------+--------+-----+--------+
         Total |   2358 |   2339 |     19 |   2268 |      0 |   1 | 2358.0 |
       Dungeon |   2358 |   2339 |     19 |   2268 |      0 |   1 | 2358.0 |
               +--------+--------+--------+--------+--------+-----+--------+

Top non-repeatable levels by time:
       D: 2358 daAuts
